 Dungeon Crawl Stone Soup version 0.27-a0-170-g607d9e9d85 (webtiles) character file.

Game seed: 11393042975646690068

5 vurker the Sneak (level 1, -2/9 HPs)
             Began as a Vine Stalker Enchanter on Jan 28, 2021.
             Slain by a leopard gecko (3 damage)
             ... on level 1 of the Dungeon.
             The game lasted 00:00:17 (161 turns).

vurker the Sneak (Vine Stalker Enchanter)            Turns: 161, Time: 00:00:18

Health: -2/9       AC:  2    Str: 10    XL:     1   Next: 80%
Magic:  0/4        EV: 12    Int: 15    God:
Gold:   0          SH:  0    Dex: 14    Spells: 3/4 levels left

rFire    . . .     SeeInvis .     - Unarmed
rCold    . . .     Faith    .   (no shield)
rNeg     . . .     Spirit   +   b - +0 robe
rPois    .         Reflect  .   (no helmet)
rElec    .         Harm     .   (no cloak)
rCorr    .         Rampage  .   (no gloves)
Will     .....                  (no boots)
Stlth    ++........             (no amulet)
HPRegen  0.03/turn              (no ring)
MPRegen  0.09/turn              (no ring)

@: no status effects
A: fangs 2, magic shield, antimagic bite, no potion heal 3
a: no special abilities


You were on level 1 of the Dungeon.
You visited 1 branch of the dungeon, and saw 1 of its levels.

Inventory:

Armour
 b - a +0 robe (worn)
Scrolls
 a - a scroll of enchant armour {unknown}


   Skills:
 + Level 0.4 Fighting
 - Level 0.8 Short Blades
 - Level 1.5 Dodging
 - Level 3.6 Stealth
 * Level 1.0 Unarmed Combat
 - Level 2.1 Spellcasting
 - Level 3.0 Hexes


You had 3 spell levels left.
You knew the following spells:

 Your Spells              Type           Power        Failure   Level
a - Corona                Hex            11%          6%          1

Your spell library contained the following spells:

 Spells                   Type           Power        Failure   Level
 Ensorcelled Hibernation  Hex/Ice        12%          19%         2
 Confusing Touch          Hex            10%          19%         3
 Tukima's Dance           Hex            10%          19%         3
 Dazzling Flash           Conj/Hex       12%          34%         3


Dungeon Overview and Level Annotations

Branches:
Dungeon (1/15)

Altars:


Innate Abilities, Weirdness & Mutations

You have extremely sharp teeth.
When hurt, damage is shared between your health and your magic reserves.
Your bite disrupts and absorbs the magic of your enemies.
Potions cannot restore your health.


Message History

No target in view!
No target in view!
No target in view!
No target in view!
No target in view!
No target in view!
You open the door.
There is an open door here.
A rat comes into view.
A rat is nearby!
A rat is nearby!
A rat is nearby!
A hobgoblin comes into view.
You hit the rat but do no damage. The rat misses you.
You closely miss the rat.
The hobgoblin shouts!
The rat closely misses you.
You hit the rat but do no damage. Your bite misses the rat.
You closely miss the rat. Your bite misses the rat. The rat closely misses you.
A leopard gecko comes into view.
The leopard gecko hisses angrily.
You hit the rat but do no damage. You bite the rat. You drain its power.
The rat closely misses you.
You closely miss the rat. The rat barely misses you.
You hit the rat.
You kill the rat!
You hit the hobgoblin. You bite the hobgoblin.
You kill the hobgoblin!
Your Unarmed Combat skill increases to level 1!
You closely miss the leopard gecko. The leopard gecko closely misses you.
You miss the leopard gecko. Your bite misses the leopard gecko.
The leopard gecko closely misses you.
You barely miss the leopard gecko. Your bite misses the leopard gecko.
The leopard gecko bites you.
You barely miss the leopard gecko. Your bite misses the leopard gecko.
The leopard gecko misses you.
You closely miss the leopard gecko. The leopard gecko bites you.
* * * LOW HITPOINT WARNING * * *
The leopard gecko bites you.
* * * LOW HITPOINT WARNING * * *
You miss the leopard gecko. The leopard gecko closely misses you.
You hit the leopard gecko. Your bite misses the leopard gecko.
The leopard gecko bites you.
* * * LOW HITPOINT WARNING * * *
The leopard gecko closely misses you.
There is an open door here.
The leopard gecko closely misses you. The leopard gecko barely misses you.
The leopard gecko bites you.
You die...

## #.....†.#
#####..)# #...#
#...# #...#
####..)#
#......#
.#######l##...#
..)......@.).##
##.........###
#8.........8#
#...8...8...#
#8......)..8#
#.........##
####8<8####
#####


You could see a leopard gecko.

Vanquished Creatures
  2 goblins (D:1)
  A hobgoblin (D:1)
  A frilled lizard (D:1)
  A rat (D:1)
5 creatures vanquished.

Notes
Turn   | Place    | Note
-------+----------+-------------------------------------------
     0 | D:1      | vurker the Vine Stalker Enchanter began the quest for the
                  | Orb.
     0 | D:1      | Reached XP level 1. HP: 9/9 MP: 4/4
   137 | D:1      | Reached skill level 1 in Unarmed Combat
   161 | D:1      | Slain by a leopard gecko

Illustrated notes

Levels and vault maps discovered:
D:1:      mrwooster_arrival_statue_2, layout_basic, minmay_heptomino_w4

Skill      XL: |  1 |
---------------+----+-----
Unarmed Combat | 1 |  1.0
Fighting       | |  0.4
Short Blades   | |  0.8
Dodging        | |  1.5
Stealth        | |  3.6
Spellcasting   | |  2.1
Hexes          | |  3.0

Action                   || total
-------------------------++-------
Melee: Unarmed           ||    25
       Bite              ||     4
 Stab: Sleeping          ||     1
Armor: Robe              ||     3
Dodge: Dodged            ||    14

Table legend: (Time is in decaauts)
 A = Elapsed time spent in this place.
 B = Non-inter-level travel time spent in this place.
 C = Inter-level travel time spent in this place.
 D = Time resting spent in this place.
 E = Time spent auto-exploring this place.
 F = Levels seen in this place.
 G = Mean time per level.
                   A        B        C        D        E       F      G
               +--------+--------+--------+--------+--------+-----+--------+
         Total |    160 |    160 |      0 |      0 |    100 |   1 |  160.0 |
       Dungeon |    160 |    160 |      0 |      0 |    100 |   1 |  160.0 |
               +--------+--------+--------+--------+--------+-----+--------+

Top non-repeatable levels by time:
     D:1: 160 daAuts
